 Dungeon Crawl Stone Soup version 0.19.4 (webtiles) character file.

179 vatarom the Insei (level 5, -2/35 HPs)
             Began as an Octopode Transmuter on Feb 2, 2017.
             Killed from afar by an orc wizard (12 damage)
             ... with a magic dart
             ... on level 4 of the Dungeon.
             The game lasted 00:05:07 (2576 turns).

vatarom the Insei (Octopode Transmuter)             Turns: 2576, Time: 00:05:07

Health: -2/35      AC:  1    Str: 17    XL:     5   Next: 59%
Magic:  8/9        EV: 13    Int: 15    God:
Gold:   173        SH:  0    Dex: 14    Spells: 3 memorised, 3 levels left

rFire  . . .     SeeInvis .       - Unarmed
rCold  . . .     Gourm    .     (no shield)
rNeg   . . .     Faith    .     (helmet restricted)
rPois  +         Spirit   .     (no amulet)
rElec  .         Reflect  .     e - ring of poison resistance
rCorr  .         Harm     .     f - ring of stealth
MR     .....                    g - ring of loudness (curse)
Stlth  ++........               d - +5 ring of strength
                                n - +3 ring of strength
                                (no ring)
                                (no ring)
                                (no ring)

@: confused
A: almost no armour, stealthy swim, amphibious, 8 rings, constrict 8, camouflage
1, gelatinous body 1
a: no special abilities


You were on level 4 of the Dungeon.
You were not hungry.

You visited 1 branch of the dungeon, and saw 4 of its levels.

You collected 173 gold pieces.

Inventory:

Missiles
 a - 44 arrows
Jewellery
 d - a +5 ring of strength (on tentacle)
 e - a ring of poison resistance (left tentacle)
 f - a ring of stealth (right tentacle)
 g - a cursed ring of loudness (on tentacle)
 n - a +3 ring of strength (on tentacle)
Scrolls
 h - 3 scrolls of identify
 i - 2 scrolls of recharging
 j - 2 scrolls of remove curse {unknown}
 k - a scroll of enchant weapon
Potions
 l - 2 potions of brilliance
 m - a potion of heal wounds {unknown}
Books
 b - a book of Changes

   Spells                             Type                      Level
   a - Beastly Appendage              Transmutation                1
   b - Sticks to Snakes               Transmutation                2
   c - Spider Form                    Transmutation/Poison         3
   d - Ice Form                       Ice/Transmutation            4
   e - Blade Hands                    Transmutation                5
Comestibles
 c - a bread ration
 o - 5 fruits
 p - 4 chunks of flesh


   Skills:
 + Level 2.5 Fighting
 - Level 2.0 Dodging
 * Level 4.5 Unarmed Combat
 + Level 2.7 Spellcasting
 + Level 2.8 Transmutations


You had 3 spell levels left.
You knew the following spells:

 Your Spells              Type           Power        Failure   Level  Hunger
a - Beastly Appendage     Tmut           ##....       8%          1    #......
b - Sticks to Snakes      Tmut           ##......     12%         2    ##.....
c - Spider Form           Tmut/Pois      #.........   34%         3    ###....


Dungeon Overview and Level Annotations

Branches:
Dungeon (4/15)
 Temple: D:4-7

Altars:
Dithmenos
Fedhas
Kikubaaqudgha
Nemelex Xobeh
Uskayaw
Yredelemnul


Innate Abilities, Weirdness & Mutations

You cannot wear most types of armour.
You are very stealthy in the water. (Stealth+)
You are amphibious.
You can wear up to eight rings at the same time.
You can use your tentacles to constrict eight enemies at once.
Your skin changes colour to match your surroundings (Stealth+).
Your rubbery body absorbs attacks. (AC +1, EV +1)


Message History

[Y]es or [N]o only, please.
Are you sure you want to stumble around while confused and next to your ball python? [Y]es or [N]o only, please.
Are you sure you want to stumble around while confused and next to your ball python?
Okay, then.
Are you sure you want to stumble around while confused and next to your ball python? [Y]es or [N]o only, please.
Are you sure you want to stumble around while confused and next to your ball python?
You barely miss your ball python. Your squeeze misses the ball python.
The ball python bites you. The ball python barely misses you.
You hear some strange, mumbled words.
A magic dart appears from out of thin air!
The magic dart hits you!
* * * LOW HITPOINT WARNING * * *
You tentacle-slap something. The ball python barely misses you.
The ball python closely misses you.
You hear some strange, mumbled words.
A magic dart appears from out of thin air!
The magic dart hits you!
You die...

#.# #.# #.# #.#
#.# #.# ..# #.#
.....#####>#
......).{@S#####..
...#.#####........
..$....)).####..
#########......
######


You could see a ball python.

Vanquished Creatures
  A gnoll (D:2)
  7 adders
  4 worms
  2 dart slugs
  3 leopard geckos
  4 orcs (D:4)
  6 bats
  6 giant cockroaches
  7 goblins
  7 hobgoblins
  5 jackals
  4 kobolds
  3 quokkas
  4 frilled lizards
  5 rats
68 creatures vanquished.

Vanquished Creatures (collateral kills)
  2 gnolls (D:2)
  An adder (D:3)
  An orc (D:4)
4 creatures vanquished.

Grand Total: 72 creatures vanquished

Notes
Turn   | Place    | Note
-------+----------+-------------------------------------------
     0 | D:1      | vatarom the Octopode Transmuter began the quest for the Orb.
     0 | D:1      | Reached XP level 1. HP: 13/13 MP: 3/3
   338 | D:1      | Reached XP level 2. HP: 13/18 MP: 5/5
   345 | D:1      | Learned a level 2 spell: Sticks to Snakes
   714 | D:1      | Reached XP level 3. HP: 17/23 MP: 6/6
  1005 | D:2      | Found a shadowy altar of Dithmenos.
  1011 | D:2      | Learned a level 3 spell: Spider Form
  1060 | D:2      | Found a hide-covered altar of Uskayaw.
  1084 | D:2      | Reached XP level 4. HP: 5/29 MP: 3/7
  1404 | D:2      | Found a blossoming altar of Fedhas.
  1610 | D:2      | Reached skill level 4 in Unarmed Combat
  1795 | D:2      | Found a basalt altar of Yredelemnul.
  1942 | D:3      | Reached XP level 5. HP: 28/34 MP: 9/9
  2068 | D:3      | Found a sparkling altar of Nemelex Xobeh.
  2265 | D:3      | Found an ancient bone altar of Kikubaaqudgha.
  2576 | D:4      | Killed from afar by an orc wizard

Skill      XL: |  1  2  3  4 |
---------------+-------------+-----
Fighting       | 2 |  2.5
Unarmed Combat | 4 |  4.5
Dodging        | |  2.0
Spellcasting   | |  2.7
Transmutations | |  2.8

Action                   |  1- 3 |  4- 6 || total
-------------------------+-------+-------++-------
Melee: Unarmed           |    79 |    85 ||   164
       Constrict         |    20 |    24 ||    44
       Kick              |     2 |       ||     2
       Tentacles         |     9 |    17 ||    26
       Punch             |     1 |     7 ||     8
 Cast: Beastly Appendage |     2 |       ||     2
       Sticks to Snakes  |     3 |     4 ||     7
  Use: Potion            |     3 |     1 ||     4
       Scroll            |     7 |     1 ||     8
 Stab: Sleeping          |     4 |    10 ||    14
  Eat: Bread ration      |       |     1 ||     1
       Beef jerky        |       |     1 ||     1
Armor: Skin              |     6 |     5 ||    11
Dodge: Dodged            |    48 |    44 ||    92
